 Dungeon Crawl Stone Soup version 0.18.1-50-g88ac8fd (webtiles) character file.

2876 Amnesiac the Slicer (level 9, 0/64 HPs)
             Began as a Merfolk Fighter on Mar 11, 2018.
             Was an Elder of Pakellas.
             Killed from afar by an electric eel (7 damage)
             ... with a bolt of electricity
             ... on level 9 of the Dungeon.
             The game lasted 00:16:17 (7038 turns).

Amnesiac the Slicer (Merfolk Fighter)               Turns: 7038, Time: 00:16:18

Health: 0/64       AC: 14    Str: 19    XL:     9   Next: 76%
Magic:  6/13       EV:  3    Int:  8    God:    Pakellas [****..]
Gold:   410        SH: 10    Dex: 13    Spells: 0 memorised, 8 levels left

rFire  . . .     SeeInvis .     a - +3 short sword (venom)
rCold  . . .     Gourm    .     G - +0 plate armour (curse)
rNeg   . . .     Faith    .     c - +1 shield
rPois  .         Spirit   .     (no helmet)
rElec  .         Dismiss  .     (no cloak)
rCorr  .         Reflect  .     (no gloves)
SustAt .         Harm     .     v - +2 pair of boots
MR     +....                    (no amulet)
Stlth  ..........               (no ring)
                                r - ring of protection from magic

@: somewhat resistant to hostile enchantments, extremely unstealthy
A: change form in water, swift swim
a: Quick Charge, Device Surge, Renounce Religion


You were on level 9 of the Dungeon.
You worshipped Pakellas.
Pakellas was greatly pleased with you.
You were not hungry.

You visited 2 branches of the dungeon, and saw 10 of its levels.

You collected 410 gold pieces.

Inventory:

Hand Weapons
 a - a +3 short sword of venom (weapon)
Missiles
 e - 11 poisoned needles
 l - 8 needles of sleeping
 p - a throwing net (quivered)
Armour
 c - a +1 shield (worn)
 m - a +0 leather armour of fire resistance
 v - a +2 pair of boots (worn)
 G - a cursed +0 plate armour (worn)
Magical Staves
 b - an uncursed staff of air
Jewellery
 r - a ring of protection from magic (left hand)
 B - an uncursed amulet of dismissal
Wands
 g - a wand of confusion (10/48)
 w - a wand of acid (12/15)
 z - a wand of paralysis (16/24)
Scrolls
 h - 3 scrolls of teleportation {!r}
 o - 3 scrolls of remove curse {!r}
 q - 3 scrolls of identify {!r}
 E - 2 scrolls of recharging {!r}
Potions
 d - a potion of might {!q}
 i - a potion of cancellation {!q}
 k - 2 potions of heal wounds {!q}
 n - 7 potions of curing {!q, unknown}
 s - 2 potions of lignification {!q}
 x - a potion of agility {!q}
 C - a potion of flight {!q, unknown}
 H - 2 potions of mutation {!q}
Books
 y - a book of Annihilations

   Spells                             Type                      Level
   a - Poison Arrow                   Conjuration/Poison           6
   b - Chain Lightning                Conjuration/Air              8
   c - Lehudib's Crystal Spear        Conjuration/Earth            8
   d - Glaciate                       Conjuration/Ice              9
   e - Fire Storm                     Conjuration/Fire             9
 D - a book of Alchemy

   Spells                             Type                      Level
   a - Sublimation of Blood           Necromancy                   2
   b - Ignite Poison                  Fire/Transmutation/Poison    3
   c - Petrify                        Transmutation/Earth          4
   d - Alistair's Intoxication        Transmutation/Poison         5
   e - Irradiate                      Conjuration/Transmutation    5
Miscellaneous
 j - a sack of spiders
 A - a stone of tremors (inert)
 F - a plain deck of wonders
Comestibles
 f - 7 bread rations
 t - 10 chunks of flesh
 u - 5 meat rations


   Skills:
 - Level 3.2 Fighting
 - Level 12.0 Short Blades
 - Level 2.1 Armour
 + Level 5.8 Stealth
 - Level 3.0 Shields
 - Level 6.5 Evocations


You had 8 spell levels left.
You didn't know any spells.

Dungeon Overview and Level Annotations

Branches:
Dungeon (9/15)             Temple (1/1) D:5
   Lair: D:8-11         Orc: D:9-12

Altars:
Ashenzari
Cheibriados
Dithmenos
Elyvilon
Fedhas
Gozag
Kikubaaqudgha
Makhleb
Nemelex Xobeh
Okawaru
Pakellas
Qazlal
Ru
Sif Muna
Trog
Vehumet
Xom
Yredelemnul
Zin
The Shining One


Message History

Your shield and plate armour prevent you from hitting the orc priest.
The orc priest is lightly wounded.
The orc priest casts a cantrip, but nothing happens.
Your plate armour prevents you from hitting the orc priest.
The orc priest is lightly wounded.
The orc priest miscasts a cantrip.
You hit the orc priest but do no damage.
The orc priest is lightly wounded.
You hit the orc priest but do no damage.
The orc priest looks even sicker.
The orc priest is lightly wounded.
You hit the orc priest but do no damage.
The orc priest looks even sicker.
The orc priest is lightly wounded.
The orc priest hits you but does no damage.
Your plate armour prevents you from hitting the orc priest.
The orc priest is lightly wounded.
The wyvern bites you.
You hit the orc priest but do no damage.
The orc priest is moderately wounded.
The wyvern bites you!
The orc wizard mumbles some strange words.
The orc wizard blinks!
The orc priest invokes the aid of Beogh against you.
Beogh smites you!
* * * LOW HITPOINT WARNING * * *
The wyvern bites you but does no damage.
The orc priest calls down the wrath of Beogh upon you.
Beogh smites you!
* * * LOW HITPOINT WARNING * * *
The wyvern bites you!
* * * LOW HITPOINT WARNING * * *
Evoke which item? (* to show all) (? for menu, Esc to quit)
Zapping:
g - a wand of confusion (12/48)
Press: ? - help, Shift-Dir - straight line, f - wyvern
Aim: a wyvern (chance to defeat MR: 60%)
The wyvern appears confused.
This wand has 11 charges left.
Unknown command.
You kill the orc priest!
Pakellas accepts your kill.
Evoke which item? (* to show all) (? for menu, Esc to quit)
Zapping:
g - a wand of confusion (11/48)
Press: ? - help, Shift-Dir - straight line, f - orc wizard
Aim: an orc wizard, wielding a dagger and wearing a robe (chance to defeat MR: 60%)
The orc wizard appears confused.
This wand has 10 charges left.
The orc wizard hits the orc wizard with a dagger.
The orc wizard mumbles some strange words.
The orc wizard blinks!
Read which item? (? for menu, Esc to quit)
Okay, then.
Evoke which item? (* to show all) (? for menu, Esc to quit)
Okay, then.
Evoke which item? (* to show all) (? for menu, Esc to quit)
The dungeon trembles and rubble falls from the walls!
The rubble rises up and takes form.
The orc wizard gestures wildly while chanting.
The orc wizard blinks! 2 electric eels come into view.
The electric eel shoots out a bolt of lightning at you!
The bolt of electricity hits you!
* * * LOW HITPOINT WARNING * * *
The bolt of electricity hits you!
You die...
Pakellas says: Good help is so hard to find these days!

# #.##≈≈#. ≈ ..###
#.#≈≈≈#.#≈≈≈#.#
.#.#
##.###≈..##.##. ..#
#.....≈#...... .
#.###..###≈#..#.##
.##.##...#≈≈≈;≈≈≈≈≈
.......#.##≈≈≈≈≈≈≈
....#######.≈;≈≈;#
###.# ####@# #.##
#..## #..###
####.oo# #....#
#......# #!##.#
#.......
#.##.##.......#.
#.##..#......>###
#.###.#.......# #.#
#..#..###..


You could see 3 electric eels, an orc wizard and an orc.

Vanquished Creatures
  A hippogriff (D:8)
  A water moccasin (D:6)
  2 ice beasts
  A sky beast (D:8)
  A wasp (D:9)
  A necrophage (D:8)
  2 ogres
  2 centaurs
  3 giant frogs
  4 scorpions
  7 wights
  5 howler monkeys
  A crimson imp (D:8)
  4 jellies
  7 orc wizards
  6 orc priests
  A hound (D:8)
  A centaur skeleton (D:4)
  4 worker ants
  11 gnolls
  13 adders
  5 shadow imps
  An ooze (D:2)
  2 adder zombies
  6 worms
  3 dart slugs
  3 giant geckos
  15 orcs
  5 bats
  2 giant cockroaches
  4 goblins
  5 hobgoblins
  17 jackals
  3 quokkas
  4 ball pythons
  A giant gecko skeleton (D:4)
  4 giant newts
  5 kobolds
  A quokka skeleton (D:5)
  4 rats
168 creatures vanquished.

Vanquished Creatures (others)
  A hydra (D:3)
  4 toadstools (D:1)
5 creatures vanquished.

Grand Total: 173 creatures vanquished

Notes
Turn   | Place    | Note
--------------------------------------------------------------
     0 | D:1      | Amnesiac the Merfolk Fighter began the quest for the Orb.
     0 | D:1      | Reached XP level 1. HP: 18/18 MP: 1/1
    55 | D:1      | Reached skill level 1 in Stealth
    99 | D:2      | You fall through a shaft!
   104 | D:3      | Found an oddly glowing altar of Pakellas.
   104 | D:3      | Noticed an eight-headed hydra
   108 | D:3      | Became a worshipper of Pakellas the Inventive
   111 | D:3      | Killed an eight-headed hydra
   152 | D:3      | Reached skill level 3 in Short Blades
   152 | D:3      | Reached XP level 2. HP: 24/24 MP: 2/2
   197 | D:3      | Found a glowing golden altar of the Shining One.
   255 | D:3      | Reached skill level 1 in Evocations
   587 | D:1      | Reached XP level 3. HP: 28/29 MP: 4/4
   993 | D:2      | Reached * piety under Pakellas
   993 | D:2      | Received a gift from Pakellas
  1010 | D:2      | Reached XP level 4. HP: 21/35 MP: 6/6
  1467 | D:2      | Reached ** piety under Pakellas
  1467 | D:2      | Received a gift from Pakellas
  1472 | D:2      | Reached XP level 5. HP: 36/41 MP: 7/7
  1654 | D:2      | Found a blossoming altar of Fedhas.
  2105 | D:3      | Reached skill level 5 in Evocations
  2112 | D:3      | Reached XP level 6. HP: 41/47 MP: 9/9
  2144 | D:3      | Found a shattered altar of Ashenzari.
  2151 | D:3      | Found a glowing silver altar of Zin.
  2186 | D:3      | Found a shimmering altar of Xom.
  2188 | D:3      | Found a shimmering altar of Xom.
  2189 | D:3      | Found a shimmering altar of Xom.
  2189 | D:3      | Found a shimmering altar of Xom.
  2189 | D:3      | Found a shimmering altar of Xom.
  3246 | D:5      | Entered Level 5 of the Dungeon
  3258 | D:5      | Reached XP level 7. HP: 47/52 MP: 11/11
  3263 | D:5      | Reached *** piety under Pakellas
  3263 | D:5      | Received a gift from Pakellas
  3296 | D:5      | Found a staircase to the Ecumenical Temple.
  3310 | Temple   | Entered the Ecumenical Temple
  3376 | D:5      | Reached skill level 4 in Short Blades
  3413 | D:5      | Reached skill level 5 in Short Blades
  3829 | D:5      | Reached skill level 6 in Short Blades
  4243 | D:6      | Found a basalt altar of Yredelemnul.
  4446 | D:6      | Reached skill level 7 in Short Blades
  4446 | D:6      | Reached XP level 8. HP: 56/58 MP: 9/12
  4514 | D:6      | Found a shadowy altar of Dithmenos.
  4554 | D:6      | Reached skill level 8 in Short Blades
  4593 | D:6      | Found a sacrificial altar of Ru.
  4727 | D:6      | Found an ancient bone altar of Kikubaaqudgha.
  4929 | D:6      | Reached skill level 9 in Short Blades
  4939 | D:6      | Reached **** piety under Pakellas
  4939 | D:6      | Received a gift from Pakellas
  5383 | D:7      | Found a stormy altar of Qazlal.
  5476 | D:7      | Reached skill level 10 in Short Blades
  5541 | D:7      | Reached XP level 9. HP: 40/64 MP: 11/13
  5714 | D:7      | Reached skill level 11 in Short Blades
  6322 | D:8      | Reached skill level 12 in Short Blades
  6357 | D:8      | Found a deep blue altar of Sif Muna.
  6853 | D:8      | Reached skill level 5 in Stealth
  6905 | D:9      | Found a sparkling altar of Nemelex Xobeh.
  7038 | D:9      | Killed from afar by an electric eel

Skill      XL: |  1  2  3  4  5  6  7  8  9 |
---------------+----------------------------+-----
Stealth        | 1 5 |  5.8
Short Blades   | 3 7 10 12 | 12.0
Evocations     | 1 3 5 6 |  6.5
Fighting       | |  3.2
Armour         | |  2.1
Shields        | |  3.0

Action                   |  1- 3 |  4- 6 |  7- 9 || total
-------------------------+-------+-------+-------++-------
Melee: Rapier            |    92 |   241 |       ||   333
       Short sword       |       |    10 |   439 ||   449
Invok: Quick Charge      |       |       |     6 ||     6
Evoke: Wand              |     1 |    17 |    36 ||    54
       Stone of tremors  |       |       |     1 ||     1
  Use: Scroll            |       |     3 |    14 ||    17
 Stab: Confused          |     1 |    12 |    14 ||    27
  Eat: Chunk             |       |     8 |    13 ||    21
Armor: Scale mail        |    35 |   115 |    52 ||   202
       Plate armour      |       |       |    94 ||    94
Dodge: Dodged            |    15 |    65 |    38 ||   118
Block: Shield            |    40 |   124 |   139 ||   303
